 Dungeon Crawl Stone Soup version 0.24.0-10-g970556be89 (webtiles) character file.

Game seed: 10382694619777505471, levelgen mode: deterministic

998 Curus the Spear-Bearer (level 8, 0/63 HPs)
             Began as a White Draconian Berserker on Nov 4, 2019.
             Was a Priest of Trog.
             Slain by a scorpion (6 damage)
             ... on level 5 of the Dungeon.
             The game lasted 00:13:41 (2631 turns).

Curus the Spear-Bearer (White Draconian Berserker)  Turns: 2631, Time: 00:13:42

Health: 0/63       AC:  9    Str: 20    XL:     8   Next: 0%
Magic:  8/8        EV: 13    Int:  7    God:    Trog [***...]
Gold:   231        SH:  0    Dex: 13    Spells: 7/7 levels left

rFire    + . .     SeeInvis +   m - +0 trident
rCold    + . .     Gourm    .   (no shield)
rNeg     . . .     Faith    .   (armour unavailable)
rPois    .         Spirit   .   (helmet restricted)
rElec    .         Reflect  .   d - +1 cloak
rCorr    .         Harm     .   o - +0 pair of gloves
MR       ++...                  (no boots)
Stlth    +.........             (no amulet)
HPRegen  1.20/turn              k - ring of see invisible
MPRegen  0.11/turn              l - ring of protection from fire

@: lethally poisoned (0 -> 0), berserk cooldown, regenerating, slowed, very slow
A: breathe frost, unfitting armour, antennae 1, blink, blurry vision 1, cold
resistance 1, cold-blooded, MP-powered wands, AC +6
a: Breathe Frost, Blink, Berserk, Trog's Hand, Renounce Religion


You were on level 5 of the Dungeon.
You worshipped Trog.
Trog was most pleased with you.
You were very hungry.

You visited 1 branch of the dungeon, and saw 5 of its levels.

You collected 231 gold pieces.

Inventory:

Hand Weapons
 a - a +0 spear
 m - a +0 trident (weapon)
Armour
 d - a +1 cloak (worn)
 o - a +0 pair of gloves (worn)
Jewellery
 c - an uncursed ring of wizardry
 f - an uncursed ring of flight
 h - an uncursed ring of protection from fire
 k - a ring of see invisible (left hand)
 l - a ring of protection from fire (right hand)
 n - the ring "Fosacoum" {*Corrode +Inv +Fly rC+ Dex+6}
   (You found it on level 4 of the Dungeon)

   [ring of protection from cold]

   It affects your dexterity (+6).
   It protects you from cold.
   It lets you turn invisible.
   It lets you fly.
   It may corrode you when you take damage.
 q - a +3 ring of intelligence
Wands
 r - a wand of flame (14)
Scrolls
 g - a scroll of identify
 i - a scroll of fear
 s - a scroll of teleportation
Potions
 e - 2 potions of haste
 j - a potion of heal wounds
 p - a potion of mutation
Comestibles
 b - 8 rations
 t - a chunk of flesh


   Skills:
 - Level 3.2 Fighting
 + Level 9.7 Polearms
 - Level 2.6 Dodging


You had 7 spell levels left.
You didn't know any spells.
Your spell library was empty.

Dungeon Overview and Level Annotations

Branches:
Dungeon (5/15)
 Temple: D:4-7

Altars:


Innate Abilities, Weirdness & Mutations

You can breathe waves of freezing cold.
You can buffet flying creatures when you breathe cold.
Your icy white scales are hard. (AC +6)
You cannot fit into any form of body armour.
Your flesh is cold resistant. (rC+)
You are cold-blooded and may be slowed by cold attacks.
You have a pair of small antennae on your head.
You can translocate small distances at will.
Scrolls take you a little longer to read.
You expend magic power (3 MP) to strengthen your wands.


Message History

The scorpion stings you but does no damage.
You puncture the scorpion!
The scorpion is severely wounded.
The scorpion barely misses you.
You completely miss the scorpion.
The scorpion is severely wounded.
The scorpion stings you.
* * * LOW HITPOINT WARNING * * *
You closely miss the scorpion.
You tail-slap the scorpion, but do no damage.
The scorpion is severely wounded.
The scorpion stings you.
* * * LOW HITPOINT WARNING * * *
You are poisoned.
The scorpion poisons you!
Your skin crawls.
You feel resistant to hostile enchantments.
You are feeling very hungry.
You feel sick. The scorpion stings you.
You die...

..####### #.......# #.
#...../.# #( #.......#
#.. #.......# #
#...#.......#.#
##...#...o†....#
.'...'...s@....#
##...#.........#
.........##....#
########)# [...#
#..########.# ..?.#
#..#.)....(..#.# ....#
...#.........#.# ....#
##.#.........#.#######
#.#.........#........


You could see a scorpion and an orc.

Vanquished Creatures
  An ice beast (D:5)
  A sky beast (D:5)
  3 ogres
  A phantom (D:4)
  A crimson imp (D:4)
  A jelly (D:5)
  An orc priest (D:4)
  2 hounds (D:4)
  An iguana (D:5)
  An orc wizard (D:3)
  3 worker ants (D:4)
  10 adders
  A shadow imp (D:5)
  An ooze (D:1)
  5 worms
  A dart slug (D:2)
  A leopard gecko (D:1)
  12 orcs
  2 ball pythons
  A giant cockroach (D:2)
  7 goblins
  6 hobgoblins
  11 jackals
  A quokka (D:5)
  10 bats
  2 frilled lizards
  3 kobolds
  4 rats
94 creatures vanquished.

Notes
Turn   | Place    | Note
-------+----------+-------------------------------------------
     0 | D:1      | Curus the Draconian Berserker began the quest for the Orb.
     0 | D:1      | Reached XP level 1. HP: 19/19 MP: 1/1
    86 | D:1      | Reached XP level 2. HP: 24/26 MP: 2/2
   155 | D:1      | Reached skill level 4 in Polearms
   463 | D:1      | Reached XP level 3. HP: 31/31 MP: 3/3
   507 | D:1      | Gained mutation: You can translocate small distances at
                  | will. [potion of mutation]
   507 | D:1      | Gained mutation: Scrolls take you a little longer to read.
                  | [potion of mutation]
   507 | D:1      | Gained mutation: You expend magic power (3 MP) to
                  | strengthen your wands. [potion of mutation]
   507 | D:1      | Gained mutation: You have a pair of small antennae on your
                  | head. [potion of mutation]
   757 | D:2      | Reached ** piety under Trog
  1106 | D:2      | Reached XP level 4. HP: 31/38 MP: 4/4
  1114 | D:2      | Reached skill level 5 in Polearms
  1706 | D:4      | Reached XP level 5. HP: 45/45 MP: 5/5
  1866 | D:4      | Got a bound tin ring
  1938 | D:4      | Reached skill level 6 in Polearms
  2011 | D:4      | Identified the ring "Fosacoum" {*Corrode +Inv +Fly rC+
                  | Dex+6} (You found it on level 4 of the Dungeon)
  2028 | D:4      | Noticed a phantom
  2032 | D:4      | Reached *** piety under Trog
  2032 | D:4      | Noticed an ogre
  2041 | D:4      | Reached XP level 6. HP: 29/51 MP: 6/6
  2048 | D:4      | Reached skill level 7 in Polearms
  2141 | D:4      | Reached skill level 8 in Polearms
  2147 | D:4      | Your scales start taking on an icy white colour.
  2147 | D:4      | Reached XP level 7. HP: 35/57 MP: 7/7
  2147 | D:4      | Gained mutation: Your flesh is cold resistant. (rC+) [White
                  | Draconian growth]
  2507 | D:5      | Entered Level 5 of the Dungeon
  2599 | D:5      | Reached skill level 9 in Polearms
  2624 | D:5      | Reached XP level 8. HP: 18/63 MP: 8/8
  2631 | D:5      | Slain by a scorpion

Levels and vault maps discovered:
D:1:      minmay_arrival_radiant_lines, layout_basic
D:2:      layout_rooms
D:3:      layout_loops_ring, minmay_misc_feat_nine_boxes
D:4:      layout_loops_ring, first_ration
D:5:      layout_basic

Skill      XL: |  1  2  3  4  5  6  7 |
---------------+----------------------+-----
Polearms       | 4 5 6 8 9 |  9.7
Fighting       | |  3.2
Dodging        | |  2.6

Action                   |  1- 3 |  4- 6 |  7- 9 || total
-------------------------+-------+-------+-------++-------
Melee: Spear             |   125 |    93 |       ||   218
       Tailslap          |     7 |    18 |    18 ||    43
       Trident           |       |    69 |    97 ||   166
Invok: Berserk           |     1 |     2 |     2 ||     5
       Trog's Hand       |       |     1 |     1 ||     2
  Use: Scroll            |     7 |     3 |       ||    10
       Potion            |     2 |     3 |       ||     5
  Eat: Chunk             |     2 |     5 |     3 ||    10
Armor: Skin              |    31 |    34 |    24 ||    89
Dodge: Dodged            |    62 |    78 |    53 ||   193
